 Dungeon Crawl Stone Soup version 0.19-a0-32-gbfd796a (webtiles) character file.

107 Mefis the Magician (level 4, 0/27 HPs)
             Began as a High Elf Wizard on May 2, 2016.
             Killed by nerve-wracking pain
             ... invoked by M4edhros's ghost
              (13 damage)
             ... on level 3 of the Dungeon.
             The game lasted 00:06:23 (2297 turns).

Mefis the Magician (High Elf Wizard)                Turns: 2297, Time: 00:06:23

Health: 0/27       AC:  2    Str:  6    XL:     4   Next: 57%
Magic:  4/11       EV: 13    Int: 22    God:
Gold:   150        SH:  0    Dex: 14    Spells: 5 memorised, 1 level left

rFire  . . .     SeeInvis .     n - +0 dagger
rCold  + . .     Gourm    .     a - +0 robe
rNeg   . . .     Faith    .     (no shield)
rPois  .         Spirit   .     b - +0 hat
rElec  .         Dismiss  .     (no cloak)
rCorr  .         Reflect  .     (no gloves)
SustAt .         Harm     .     (no boots)
MR     .....                    (no amulet)
Stlth  +++.......               t - ring of protection from cold
                                h - ring of stealth

@: very slightly contaminated, repel missiles, not resistant to hostile
enchantments, fairly stealthy
A: no striking features
a: no special abilities


You were on level 3 of the Dungeon.
You were very hungry.

You visited 1 branch of the dungeon, and saw 3 of its levels.

You collected 150 gold pieces.

Inventory:

Hand Weapons
 n - a +0 dagger (weapon)
Missiles
 x - 3 tomahawks (quivered)
Armour
 a - a +0 robe (worn)
 b - a +0 hat (worn)
 p - a +0 robe
Jewellery
 h - a ring of stealth (left hand)
 t - a ring of protection from cold (right hand)
Wands
 w - a wand of teleportation (1/9)
Scrolls
 e - 9 scrolls of identify {unknown}
 f - a scroll of amnesia {unknown}
 u - a scroll of remove curse {unknown}
Potions
 g - a potion of might {unknown}
 i - a potion of agility {unknown}
 j - 2 potions of haste {unknown}
 l - a potion of brilliance {unknown}
 m - a potion of curing {unknown}
 o - a potion of magic {unknown}
 r - a potion of cure mutation {unknown}
 s - a potion of invisibility {unknown}
Books
 c - a book of Minor Magic

   Spells                             Type                      Level
   a - Magic Dart                     Conjuration                  1
   b - Blink                          Translocation                2
   c - Call Imp                       Summoning                    2
   d - Repel Missiles                 Charms/Air                   2
   e - Slow                           Hexes                        2
   f - Conjure Flame                  Conjuration/Fire             3
   g - Mephitic Cloud                 Conjuration/Poison/Air       3
Comestibles
 d - 2 bread rations
 k - a slice of pizza
 q - a meat ration
 v - a beef jerky


   Skills:
 * Level 3.4 Dodging
 * Level 3.4 Stealth
 + Level 4.4 Spellcasting
 + Level 2.1 Conjurations
 - Level 0.8 Summonings
 - Level 1.1 Translocations


You had one spell level left.
You knew the following spells:

 Your Spells              Type           Power        Failure   Level  Hunger
a - Magic Dart            Conj           ##..         6%          1    None
b - Call Imp              Summ           #.......     14%         2    #......
c - Blink                 Tloc           N/A          12%         2    #......
d - Repel Missiles        Chrm/Air       #.....       17%         2    #......
e - Mephitic Cloud        Conj/Pois/Air  #.......     28%         3    ##.....


Dungeon Overview and Level Annotations

Branches:
Dungeon (3/15)

Altars:

Annotations:
D:2 trees
D:3 M4edhros's ghost, amateur OpNe


Message History

Aim: M4edhros's ghost (moderately damaged)
The magic dart hits M4edhros's ghost.
M4edhros's ghost is moderately damaged.
Casting: Magic Dart
Confirm with . or Enter, or press ? or * to list all spells.
Aiming: Magic Dart
Press: ? - help, Shift-Dir - straight line, f/p - M4edhros's ghost
Aim: M4edhros's ghost (moderately damaged)
The magic dart hits M4edhros's ghost.
M4edhros's ghost is heavily damaged.
Casting: Magic Dart
Confirm with . or Enter, or press ? or * to list all spells.
Aiming: Magic Dart
Press: ? - help, Shift-Dir - straight line, f/p - M4edhros's ghost
Aim: M4edhros's ghost (heavily damaged)
The magic dart hits M4edhros's ghost.
M4edhros's ghost is heavily damaged.
M4edhros's ghost stares at you and mumbles some strange words.
Pain shoots through your body!
You die...

### ..# #.# ############
#.#.# #.........<# #.#.#
#.########## #@#.# #.#
#.#.# #.# #W#.# #.# #.
#.#.# #.########
#.#########.#.###.........
.........................#
..........................
.......#...........[...#.#
.......#...........#.#.# #


You could see M4edhros's ghost.

Vanquished Creatures
  Jessica (D:2)
  4 adders (D:2)
  A worm (D:2)
  2 dart slugs (D:2)
  2 giant geckos (D:2)
  2 ball pythons (D:2)
  3 giant cockroaches
  3 goblins
  2 hobgoblins (D:2)
  A jackal (D:2)
  A quokka (D:2)
  4 bats
  6 giant newts
  4 kobolds
  5 rats
41 creatures vanquished.

Notes
Turn   | Place    | Note
--------------------------------------------------------------
     0 | D:1      | Mefis the High Elf Wizard began the quest for the Orb.
     0 | D:1      | Reached XP level 1. HP: 11/11 MP: 6/6
   405 | D:1      | Reached XP level 2. HP: 17/17 MP: 3/7
   409 | D:1      | Learned a level 2 spell: Call Imp
   412 | D:1      | Learned a level 2 spell: Blink
   415 | D:1      | Learned a level 2 spell: Repel Missiles
   980 | D:2      | Noticed Jessica
   986 | D:2      | Killed Jessica
   986 | D:2      | Reached skill level 4 in Spellcasting
   986 | D:2      | Reached XP level 3. HP: 21/21 MP: 0/9
  1362 | D:2      | Reached XP level 4. HP: 27/27 MP: 9/11
  1367 | D:2      | Learned a level 3 spell: Mephitic Cloud
  2278 | D:3      | Noticed M4edhros's ghost (amateur OpNe)
  2297 | D:3      | Killed from afar by M4edhros's ghost

Vault maps used:
D:1:      tarquinn_simple_flora_water_e
D:2:      serial_forest, infiniplex_forest_straight_3, infiniplex_forest_end_2,
          infiniplex_forest_clump_curved, infiniplex_forest_straight_4,
          infiniplex_forest_clump_curved, infiniplex_forest_lined_room_2,
          infiniplex_forest_lined_1, st_stairs_5, uniq_jessica
D:3:      nicolae_overflow_hidden_temple, lemuel_doored_altar, uniq_natasha

Skill      XL: |  1  2  3 |
---------------+----------+-----
Dodging        | 3 |  3.4
Spellcasting   | 4 |  4.4
Stealth        | 3 |  3.4
Conjurations   | 2 |  2.1
Summonings     | |  0.8
Translocations | |  1.1

Action                   |  1- 3 |  4- 6 || total
-------------------------+-------+-------++-------
Melee: Unarmed           |     7 |       ||     7
       Dagger            |     8 |    52 ||    60
 Cast: Magic Dart        |    60 |    39 ||    99
       Repel Missiles    |     1 |       ||     1
 Stab: Sleeping          |     7 |     6 ||    13
  Eat: Chunk             |     1 |     2 ||     3
Armor: Robe              |     6 |     2 ||     8
Dodge: Dodged            |    12 |     9 ||    21
